SAAA
HOUSTON BC @ AUGUSTA TIMBER HAWKS
09/13/2025
 
TOP OF THE 1ST
Houston BC batting - Pitching for Augusta Timber Hawks : RHP Cristiano Marron
Pitching: RHP Cristiano Marron
Batting: RHB Ludovico Trezza 0-0: Called Strike
0-1: Ball
1-1: Ball
2-1: SINGLE (Flyball, 78S)
Batting: RHB Rodney Hanna 0-0: Ball
1-0: DOUBLE (Groundball, 5L)
Ludovico Trezza to third
Runner from 3rd tries for Home, SAFE, no throw
Batting: RHB Habbo Allaart 0-0: Called Strike
0-1: Ball
1-1: Ball
2-1: Called Strike
2-2: Ball
3-2: Base on Balls
Batting: RHB Miguel Morán 0-0: Fly out, F9 (Flyball, 9LMF)
Batting: RHB Alfredo Mojica 0-0: Ball
1-0: Ball
2-0: Fly out, F9 (Flyball, 9S)
Batting: RHB António Sánchez 0-0: Ball
1-0: Ground out 4-3 (Groundball, 4MS)
Top of the 1st over - 1 run(s), 2 hit(s), 0 error(s), 2 left on base; Houston 1 - Augusta 0
BOTTOM OF THE 1ST
Augusta Timber Hawks batting - Pitching for Houston BC : RHP Kyle Boddy
Pitching: RHP Kyle Boddy
Batting: SHB Javier Valle 0-0: Ball
1-0: Ball
2-0: Called Strike
2-1: SINGLE (Groundball, 56D)
Batting: SHB Greg Henderson 0-0: Ball
Javier Valle is caught stealing 2nd base
1-0: Ball
2-0: Ball
3-0: Called Strike
3-1: Ground out U3 (Groundball, 3L)
Batting: RHB Luis Tapia 0-0: Ball
1-0: Called Strike
1-1: Called Strike
1-2: Foul Ball, location: 2F
1-2: Ball
2-2: SINGLE (Line Drive, 6D)
Batting: RHB Tracy Parker 0-0: SINGLE (Groundball, 6MD)
Luis Tapia to second
Batting: RHB David Gómez 0-0: Fly out, F7 (Line Drive, 78D)
Bottom of the 1st over - 0 run(s), 3 hit(s), 0 error(s), 2 left on base; Houston 1 - Augusta 0
TOP OF THE 2ND
Houston BC batting - Pitching for Augusta Timber Hawks : RHP Cristiano Marron
Batting: RHB Jesús Villalba 0-0: Ball
1-0: Called Strike
1-1: Swinging Strike
1-2: Strikes out swinging
Batting: RHB León Cabrera 0-0: Ball
1-0: Called Strike
1-1: Ball
2-1: Swinging Strike
2-2: Foul Ball, location: 2F
2-2: Ball
3-2: Base on Balls
Batting: RHB Marvin Hayes 0-0: Ball
1-0: Ball
2-0: Ball
3-0: Base on Balls
León Cabrera to second
Batting: RHB Ludovico Trezza 0-0: Ball
1-0: Ball
2-0: Called Strike
2-1: Fielders Choice at 2nd, 3-6 (Groundball, 34)
León Cabrera to third
Batting: RHB Rodney Hanna 0-0: Ball
Ludovico Trezza steals 2nd base
1-0: Called Strike
1-1: Swinging Strike
1-2: Foul Ball, location: 2F
1-2: Ground out 6-3 (Groundball, 6)
Top of the 2nd over - 0 run(s), 0 hit(s), 0 error(s), 2 left on base; Houston 1 - Augusta 0
BOTTOM OF THE 2ND
Augusta Timber Hawks batting - Pitching for Houston BC : RHP Kyle Boddy
Batting: RHB Rubén Marino 0-0: Foul Ball, location: 2F
0-1: Ball
1-1: Ground out 4-3 (Groundball, 4)
Batting: RHB Claudio Mendoza 0-0: Ball
1-0: Ground out 6-3 (Groundball, 6M)
Batting: RHB Hugo Rampley 0-0: Ball
1-0: Swinging Strike
1-1: Foul Ball, location: 2F
1-2: Ball
2-2: Foul Ball, location: 2F
2-2: Ground out 6-3 (Groundball, 6)
Bottom of the 2nd over - 0 run(s), 0 hit(s), 0 error(s), 0 left on base; Houston 1 - Augusta 0
TOP OF THE 3RD
Houston BC batting - Pitching for Augusta Timber Hawks : RHP Cristiano Marron
Batting: RHB Habbo Allaart 0-0: Ball
1-0: Foul Ball, location: 2F
1-1: Ball
2-1: Ground out 5-3 (Groundball, 5)
Batting: RHB Miguel Morán 0-0: Called Strike
0-1: Called Strike
0-2: Ball
1-2: Strikes out swinging
Batting: RHB Alfredo Mojica 0-0: Ball
1-0: Ball
2-0: Ground out 6-3 (Groundball, 6)
Top of the 3rd over - 0 run(s), 0 hit(s), 0 error(s), 0 left on base; Houston 1 - Augusta 0
BOTTOM OF THE 3RD
Augusta Timber Hawks batting - Pitching for Houston BC : RHP Kyle Boddy
Batting: RHB Abraham Jacobs 0-0: Ball
1-0: Ball
2-0: Called Strike
2-1: Fly out, F9 (Flyball, 9S)
Batting: SHB Javier Valle 0-0: Ball
1-0: Called Strike
1-1: Ball
2-1: Foul Ball, location: 2F
2-2: Ball
3-2: Foul Ball, location: 2F
3-2: Base on Balls
Batting: SHB Greg Henderson 0-0: Called Strike
0-1: Called Strike
0-2: Ball
1-2: Ball
2-2: Fly out, F8 (Flyball, 8RM)
Batting: RHB Luis Tapia 0-0: Called Strike
0-1: Ball
1-1: Foul Ball, location: 2F
1-2: Ball
2-2: Fly out, F7 (Flyball, 7)
Bottom of the 3rd over - 0 run(s), 0 hit(s), 0 error(s), 1 left on base; Houston 1 - Augusta 0
TOP OF THE 4TH
Houston BC batting - Pitching for Augusta Timber Hawks : RHP Cristiano Marron
Batting: RHB António Sánchez 0-0: Ball
1-0: Ball
2-0: Swinging Strike
2-1: Ball
3-1: Base on Balls
Batting: RHB Jesús Villalba 0-0: Fly out, F8 (Flyball, 8LM)
Batting: RHB León Cabrera 0-0: Ball
1-0: Grounds into double play, 5-4-3 (Groundball, 56)
Top of the 4th over - 0 run(s), 0 hit(s), 0 error(s), 0 left on base; Houston 1 - Augusta 0
BOTTOM OF THE 4TH
Augusta Timber Hawks batting - Pitching for Houston BC : RHP Kyle Boddy
Batting: RHB Tracy Parker 0-0: Ball
1-0: Called Strike
1-1: Swinging Strike
1-2: Strikes out swinging
Batting: RHB David Gómez 0-0: Called Strike
0-1: Ball
1-1: Ball
2-1: Swinging Strike
2-2: Fly out, F7 (Line Drive, 78M)
Batting: RHB Rubén Marino 0-0: Called Strike
0-1: Swinging Strike
0-2: Strikes out swinging
Bottom of the 4th over - 0 run(s), 0 hit(s), 0 error(s), 0 left on base; Houston 1 - Augusta 0
TOP OF THE 5TH
Houston BC batting - Pitching for Augusta Timber Hawks : RHP Cristiano Marron
Batting: RHB Marvin Hayes 0-0: Fly out, F8 (Flyball, 89S)
Batting: RHB Ludovico Trezza 0-0: Ball
1-0: Foul Ball, location: 2F
1-1: Ball
2-1: Ball
3-1: Base on Balls
Batting: RHB Rodney Hanna 0-0: Called Strike
0-1: Ball
1-1: Ball
2-1: Foul Ball, location: 2F
2-2: Foul Ball, location: 2F
2-2: Foul Ball, location: 2F
2-2: Foul Ball, location: 2F
2-2: Ball
3-2: Base on Balls
Ludovico Trezza to second
Batting: RHB Habbo Allaart 0-0: Ball
1-0: Called Strike
1-1: Called Strike
1-2: Fielders Choice at 2nd, 3-6 (Groundball, 34)
Ludovico Trezza to third
Batting: RHB Miguel Morán 0-0: Ball
1-0: Called Strike
1-1: Swinging Strike
1-2: Strikes out swinging
Top of the 5th over - 0 run(s), 0 hit(s), 0 error(s), 2 left on base; Houston 1 - Augusta 0
BOTTOM OF THE 5TH
Augusta Timber Hawks batting - Pitching for Houston BC : RHP Kyle Boddy
Batting: RHB Claudio Mendoza 0-0: Called Strike
0-1: Called Strike
0-2: Ball
1-2: SINGLE (Line Drive, 78M)
Batting: RHB Hugo Rampley 0-0: Ball
1-0: Sac Bunt - play at first, batter OUT! 1-4
Claudio Mendoza to second
Batting: RHB Abraham Jacobs 0-0: Called Strike
0-1: Foul Ball, location: 2F
0-2: Ball
1-2: Fly out, F6 (Line Drive, 6)
Batting: SHB Javier Valle 0-0: Foul Ball, location: 2F
0-1: Ball
1-1: Foul Ball, location: 2F
1-2: Ball
2-2: Ball
3-2: Strikes out looking
Bottom of the 5th over - 0 run(s), 1 hit(s), 0 error(s), 1 left on base; Houston 1 - Augusta 0
TOP OF THE 6TH
Houston BC batting - Pitching for Augusta Timber Hawks : RHP Cristiano Marron
Batting: RHB Alfredo Mojica 0-0: Ball
1-0: Fly out, F8 (Flyball, 8RS)
Batting: RHB António Sánchez 0-0: Swinging Strike
0-1: Ball
1-1: Called Strike
1-2: Foul Ball, location: 2F
1-2: Strikes out swinging
Batting: RHB Jesús Villalba 0-0: Foul Ball, location: 2F
0-1: Ball
1-1: Foul Ball, location: 2F
1-2: DOUBLE (Line Drive, 89D)
Batting: RHB León Cabrera 0-0: Called Strike
0-1: Ball
1-1: Ball
2-1: Fly out, F9 (Flyball, 9LM)
Top of the 6th over - 0 run(s), 1 hit(s), 0 error(s), 1 left on base; Houston 1 - Augusta 0
BOTTOM OF THE 6TH
Augusta Timber Hawks batting - Pitching for Houston BC : RHP Kyle Boddy
Batting: SHB Greg Henderson 0-0: Called Strike
0-1: Ball
1-1: Swinging Strike
1-2: Ball
2-2: Ball
3-2: Foul Ball, location: 2F
3-2: Foul Ball, location: 2F
3-2: Base on Balls
Batting: RHB Luis Tapia 0-0: Ball
Greg Henderson steals 2nd base
1-0: Fly out, F7 (Flyball, 7LDF)
Runner from 2nd tags up, SAFE at 3rd, no throw
Batting: RHB Tracy Parker 0-0: Called Strike
0-1: Ball
1-1: Foul Ball, location: 2F
1-2: Strikes out swinging
Batting: RHB David Gómez 0-0: Ball
1-0: Fly out, F7 (Line Drive, 78D)
Bottom of the 6th over - 0 run(s), 0 hit(s), 0 error(s), 1 left on base; Houston 1 - Augusta 0
TOP OF THE 7TH
Houston BC batting - Pitching for Augusta Timber Hawks : RHP Cristiano Marron
Batting: RHB Marvin Hayes 0-0: Ball
1-0: Ball
2-0: Ball
3-0: Base on Balls
Pitching: RHP Tom Sosa
Pinch Hitting: LHB Raúl Trevino 0-0: SINGLE (Line Drive, 78S)
Marvin Hayes to second
Batting: RHB Rodney Hanna 0-0: Called Strike
0-1: Fly out, F9 (Flyball, 9S)
Batting: RHB Habbo Allaart 0-0: Foul Ball, location: 2F
0-1: Ball
1-1: Foul Ball, location: 2F
1-2: Fly out, F6 (Line Drive, 6M)
Batting: RHB Miguel Morán 0-0: SINGLE (Groundball, 56D)
Marvin Hayes to third
Raúl Trevino to second
Runner from 3rd tries for Home, SAFE, no throw
Batting: RHB Alfredo Mojica 0-0: Ball
1-0: Foul Ball, location: 2F
1-1: Foul Ball, location: 2F
1-2: Ball
2-2: Hit by Pitch
Raúl Trevino to third
Miguel Morán to second
Batting: RHB António Sánchez 0-0: Ball
1-0: Foul Ball, location: 2F
1-1: Called Strike
1-2: Ball
2-2: Ball
3-2: Foul Ball, location: 2F
3-2: Ground out 5-3 (Groundball, 56)
Top of the 7th over - 1 run(s), 2 hit(s), 0 error(s), 3 left on base; Houston 2 - Augusta 0
BOTTOM OF THE 7TH
Augusta Timber Hawks batting - Pitching for Houston BC : RHP Kyle Boddy
Now at 2B: Joseph Gray
Batting: RHB Rubén Marino 0-0: Ball
1-0: Fly out, F8 (Flyball, 8RM)
Batting: RHB Claudio Mendoza 0-0: Ground out 6-3 (Groundball, 6)
Batting: RHB Hugo Rampley 0-0: Called Strike
0-1: Called Strike
0-2: Foul Ball, location: 2F
0-2: Ball
1-2: Ball
2-2: Fly out, F7 (Flyball, 78M)
Bottom of the 7th over - 0 run(s), 0 hit(s), 0 error(s), 0 left on base; Houston 2 - Augusta 0
TOP OF THE 8TH
Houston BC batting - Pitching for Augusta Timber Hawks : RHP Tom Sosa
Batting: RHB Jesús Villalba 0-0: Called Strike
0-1: Swinging Strike
0-2: Ball
1-2: Ground out 1-3 (Groundball, 15)
Batting: RHB León Cabrera 0-0: Ball
1-0: Called Strike
1-1: Foul Ball, location: 2F
1-2: Ball
2-2: Ball
3-2: Base on Balls
Batting: RHB Marvin Hayes 0-0: Ball
1-0: Swinging Strike
1-1: Fly out, F9 (Flyball, 9)
Pitching: RHP Ben Fleming
Batting: RHB Joseph Gray 0-0: Called Strike
0-1: Ball
1-1: Called Strike
1-2: Foul Ball, location: 2F
1-2: Strikes out swinging
Top of the 8th over - 0 run(s), 0 hit(s), 0 error(s), 1 left on base; Houston 2 - Augusta 0
BOTTOM OF THE 8TH
Augusta Timber Hawks batting - Pitching for Houston BC : RHP Kyle Boddy
Batting: RHB Abraham Jacobs 0-0: Fly out, F8 (Flyball, 8LS)
Batting: SHB Javier Valle 0-0: Called Strike
0-1: Ball
1-1: Ball
2-1: Ball
3-1: Ground out 6-3 (Groundball, 56)
Batting: SHB Greg Henderson 0-0: Ball
1-0: Ball
2-0: Swinging Strike
2-1: Foul Ball, location: 2F
2-2: Ball
3-2: Ground out 4-3 (Groundball, 4)
Bottom of the 8th over - 0 run(s), 0 hit(s), 0 error(s), 0 left on base; Houston 2 - Augusta 0
TOP OF THE 9TH
Houston BC batting - Pitching for Augusta Timber Hawks : RHP Ben Fleming
Batting: RHB Rodney Hanna 0-0: Ball
1-0: Foul Ball, location: 2F
1-1: Ball
2-1: Swinging Strike
2-2: Ball
3-2: Strikes out looking
Batting: RHB Habbo Allaart 0-0: Ball
1-0: Ball
2-0: Foul Ball, location: 2F
2-1: Foul Ball, location: 2F
2-2: Ball
3-2: Foul Ball, location: 2F
3-2: Base on Balls
Batting: RHB Miguel Morán 0-0: Ball
1-0: Called Strike
1-1: Called Strike
1-2: Strikes out looking
Batting: RHB Alfredo Mojica 0-0: Ball
1-0: Called Strike
1-1: Foul Ball, location: 2F
1-2: Reached on error, E5 (Groundball, 56)
Habbo Allaart to second
Batting: RHB António Sánchez 0-0: Fly out, F9 (Flyball, 9S)
Top of the 9th over - 0 run(s), 0 hit(s), 1 error(s), 2 left on base; Houston 2 - Augusta 0
BOTTOM OF THE 9TH
Augusta Timber Hawks batting - Pitching for Houston BC : RHP Kyle Boddy
Pitching: RHP Katsuyoshi Takuda
Batting: RHB Luis Tapia 0-0: Ball
1-0: Foul Ball, location: 2F
1-1: Foul Ball, location: 2F
1-2: Strikes out swinging
Batting: RHB Tracy Parker 0-0: Called Strike
0-1: SOLO HOME RUN (Flyball, 7D), Distance : 406 ft
Batting: RHB David Gómez 0-0: Ball
1-0: Ball
2-0: Called Strike
2-1: Ball
3-1: Called Strike
3-2: Foul Ball, location: 2F
3-2: Foul Ball, location: 2F
3-2: Foul Ball, location: 2F
3-2: Base on Balls
Pinch Hitting: LHB Dinis Marcha 0-0: Called Strike
0-1: Fly out, F8 (Flyball, 8LD)
Batting: RHB Claudio Mendoza 0-0: Fielders Choice at 2nd, U4 (Groundball, 4M)
Bottom of the 9th over - 1 run(s), 1 hit(s), 0 error(s), 1 left on base; Houston 2 - Augusta 1
Friday, December 30th, 2016 - OOTP Baseball 17.12 Build 75